 Dungeon Crawl Stone Soup version 0.31-a0-331-geda263fcf1 (webtiles) character file.

Game seed: 3181514149925457158

317 mopl the Chopper (level 6, -3/56 HPs)
             Began as a Hill Orc Fighter on July 19, 2023.
             Slain by a gnoll
             ... wielding a +3 halberd
             ... led by a gnoll bouda
              (13 damage)
             ... on level 4 of the Dungeon.
             The game lasted 00:04:12 (2244 turns).

mopl the Chopper (Hill Orc Fighter)                 Turns: 2244, Time: 00:04:13

Health: -3/56      AC:  9    Str: 25    XL:     6   Next: 44%
Magic:  6/6        EV: 10    Int:  8    God:
Gold:   249        SH:  5    Dex: 15    Spells: 5/5 levels left

rFire   . . .        a - +0 war axe
rCold   . . .        c - +0 buckler
rNeg    . . .        b - +0 scale mail
rPois   +            (no helmet)
rElec   .            (no cloak)
rCorr   .            v - +1 pair of gloves {Dex+3}
SInv    +            (no boots)
Will    .....        u - amulet "Ereacs" {rPois Regen+ SInv} Stlth
                     k - +6 ring of strength
HPRegen 1.09/turn    (no ring)
MPRegen 0.10/turn

%: no passive effects
@: weakened
A: no striking features
a: no special abilities


You were on level 4 of the Dungeon.
You visited 1 branch of the dungeon, and saw 4 of its levels.
You also visited: Sewer.

You collected 249 gold pieces.

Inventory:

Hand Weapons
 a - a +0 war axe (weapon)
Missiles
 e - 5 poisoned darts (quivered)
 i - 6 javelins
Armour
 b - a +0 scale mail (worn)
 c - a +0 buckler (worn)
 v - a +1 pair of gloves of dexterity (worn)
Jewellery
 k - a +6 ring of strength (left hand)
 u - the amulet "Ereacs" (around neck) {rPois Regen+ SInv}
   (You found it on level 2 of the Dungeon)

   [amulet of regeneration]

   rPois:     It protects you from poison.
   SInv:      It lets you see invisible.
   Regen:     It increases your rate of health regeneration.
Wands
 x - a wand of flame (22)
Scrolls
 h - 2 scrolls of blinking
 l - a scroll of amnesia {unknown}
 m - a scroll of revelation {unknown}
 n - a scroll of enchant armour {unknown}
 o - a scroll of fear {unknown}
 q - 4 scrolls of teleportation {unknown}
 r - 2 scrolls of vulnerability {unknown}
 s - a scroll of noise {unknown}
Potions
 d - a potion of might
 f - a potion of magic
 g - a potion of curing
 j - a potion of enlightenment
 p - 2 potions of haste
 t - a potion of heal wounds


   Skills:
 + Level 5.0 Fighting
 * Level 5.8 Axes
 + Level 4.5 Armour
 + Level 2.0 Dodging
 - Level 3.2 Shields


You had 5 spell levels left.
You didn't know any spells.
Your spell library contained the following spells:

 Spells                   Type           Power      Damage    Failure   Level
 Summon Small Mammal      Summ           0%         N/A       75%         1
 Call Canine Familiar     Summ           0%         N/A       98%         3
 Dazzling Flash           Conj/Hex       0%         N/A       98%         3
 Summon Guardian Golem    Hex/Summ       0%         N/A       98%         3
 Agony                    Necr           0%         N/A       100%        5
 Silence                  Hex/Air        0%         N/A       100%        5


Dungeon Overview and Level Annotations

Branches:
Dungeon (4/15)              Sewer (visited)
 Temple: D:4-7

Altars:
Ru


Message History

The gnoll hits you from afar with a +3 halberd.
You hit the gnoll.
You kill the gnoll!
You block the gnoll's attack.
The gnoll hits you from afar with a +3 halberd.
You block the gnoll's attack.
The gnoll bouda gazes fiercely through you!
You feel your attacks grow feeble.
You hit the gnoll bouda but do no damage.
The gnoll barely misses you.
The gnoll bouda hits you with a +0 whip.
You slash the gnoll bouda!
The gnoll bouda is severely wounded.
The gnoll barely misses you.
The gnoll hits you from afar with a +3 halberd!
* * * LOW HITPOINT WARNING * * *
The gnoll bouda barks out a call to the hunt!
The gnoll picks up the pace!
You hit the gnoll bouda.
The gnoll bouda is severely wounded.
The gnoll hits you from afar with a +3 halberd.
* * * LOW HITPOINT WARNING * * *
The gnoll bouda utters an invocation to its god.
The gnoll bouda is healed somewhat.
Unknown command.
You slash the gnoll bouda!
You kill the gnoll bouda!
The gnoll completely misses you.
Your Fighting skill increases to level 5!
Your Dodging skill increases to level 2!
Unknown command.
The gnoll hits you from afar with a +0 halberd.
* * * LOW HITPOINT WARNING * * *
The gnoll hits you with a +3 halberd.
* * * LOW HITPOINT WARNING * * *
There is a large open door, spattered with blood here.
Unknown command.
You closely miss the gnoll. The gnoll closely misses you.
The gnoll hits you with a +3 halberd!
You die...

###### #....#########
#....##......#
#....##......#
#####....##......#
#...#...†##......#####
+...'...gg@.....['..>#
#.).#....##).....###[#
#..)#....##......# #.#
#...#######......# #.#
#...# ######## #.#
#...# #.# #...# #.#
##### #.# #.#


You could see 2 gnolls.

Vanquished Creatures
  A bullfrog (Sewer)
  A howler monkey (D:3)
  A gnoll bouda (D:4)
  2 adders
  2 gnolls (D:4)
  4 river rats (D:3)
  2 worms (D:3)
  8 orcs
  7 endoplasms
  17 giant cockroaches
  4 hobgoblins
  11 jackals
  10 quokkas
  8 ball pythons
  11 frilled lizards
  6 kobolds
  5 rats
100 creatures vanquished.

Notes
Turn   | Place    | Note
-------+----------+-------------------------------------------
     0 | D:1      | mopl the Hill Orc Fighter began the quest for the Orb.
     0 | D:1      | Reached XP level 1. HP: 19/19 MP: 1/1
   116 | D:1      | Reached skill level 3 in Axes
   207 | D:1      | Reached XP level 2. HP: 27/27 MP: 2/2
   729 | D:2      | Identified the amulet "Ereacs" {rPois Regen+ SInv}
  1117 | D:3      | Noticed a howler monkey
  1140 | D:3      | Reached XP level 3. HP: 30/33 MP: 3/3
  1141 | D:3      | Reached skill level 4 in Fighting
  1149 | D:3      | Reached skill level 4 in Axes
  1149 | D:3      | Reached skill level 1 in Dodging
  1149 | D:3      | Reached XP level 4. HP: 29/40 MP: 4/4
  1206 | D:3      | Reached skill level 4 in Armour
  1206 | D:3      | Reached XP level 5. HP: 41/47 MP: 5/5
  1285 | D:3      | Found a glowing drain.
  1294 | Sewer    | Entered a sewer
  1362 | Sewer    | Reached skill level 5 in Axes
  1614 | Sewer    | Reached XP level 6. HP: 48/55 MP: 6/6
  1983 | D:3      | Found a sacrificial altar of Ru.
  2243 | D:4      | Reached skill level 5 in Fighting
  2243 | D:4      | Reached skill level 2 in Dodging
  2244 | D:4      | Slain by a gnoll

Illustrated notes

Levels and vault maps discovered:
D:1:      dpeg_arrival_rooms_b, layout_basic
D:2:      layout_rooms, nrook_uturn, grunt_decor_one_mirror, feat_on_display
D:3:      layout_rooms, amcnicky_altar_gilded, lightli_sewer_entry_pipes
D:4:      layout_basic, mainiacjoe_overflow_alcove_2,
          minmay_temple_entry_drinking_statues, ebering_ghost_reflecting_pool,
          nicolae_ossuary_entry_monument

Skill      XL: |  1  2  3  4  5  6 |
---------------+-------------------+-----
Axes           | 3 4 5 |  5.8
Fighting       | 4 5 |  5.0
Dodging        | 1 2 |  2.0
Armour         | 4 |  4.5
Shields        | |  3.2

Action                     |  1- 3 |  4- 6 || total
---------------------------+-------+-------++-------
  Melee: War axe           |    69 |   270 ||   339
    Use: Scroll            |       |     6 ||     6
 Armour: Scale mail        |    46 |   120 ||   166
  Dodge: Dodged            |    40 |   148 ||   188
  Block: Buckler           |    26 |    70 ||    96

Table legend: (Time is in decaauts)
 A = Elapsed time spent in this place.
 B = Non-inter-level travel time spent in this place.
 C = Inter-level travel time spent in this place.
 D = Time resting spent in this place.
 E = Time spent auto-exploring this place.
 F = Levels seen in this place.
 G = Mean time per level.
                   A        B        C        D        E       F      G
               +--------+--------+--------+--------+--------+-----+--------+
         Total |   2449 |   2356 |     93 |      0 |   1432 |   5 |  489.8 |
       Dungeon |   1975 |   1882 |     93 |      0 |   1316 |   4 |  493.8 |
         Sewer |    473 |    473 |      0 |      0 |    116 |   1 |  473.0 |
               +--------+--------+--------+--------+--------+-----+--------+

Top non-repeatable levels by time:
     D:3: 689 daAuts
     D:1: 573 daAuts
     D:2: 552 daAuts
   Sewer: 473 daAuts
     D:4: 160 daAuts
